 Dungeon Crawl Stone Soup version 0.19-a0-1720-gc855d72 (webtiles) character file.

2240 kae the Carver (level 9, -1/74 HPs)
             Began as a Formicid Fighter on Sept 29, 2016.
             Was an Initiate of Ru.
             Slain by a vampire (6 damage)
             ... on level 7 of the Dungeon.
             The game lasted 00:08:50 (7034 turns).

kae the Carver (Formicid Fighter)                   Turns: 7034, Time: 00:08:51

Health: -1/74      AC:  7    Str: 24    XL:     9   Next: 63%
Magic:  9/9        EV:  8    Int: 13    God:    Ru [......]
Gold:   159        SH:  9    Dex: 10    Spells: 0 memorised, 8 levels left

rFire  . . .     SeeInvis +     a - +0 long sword
rCold  . . .     Gourm    .     b - +0 scale mail
rNeg   . . .     Faith    .     c - +0 shield
rPois  .         Spirit   .     (helmet unavailable)
rElec  .         Dismiss  .     (no cloak)
rCorr  .         Reflect  .     (no gloves)
MR     .....     Harm     .     (no boots)
Stlth  ..........               (no amulet)
                                (no ring)
                                (no ring)

@: brilliant, flying
A: permanent stasis, dig shafts and tunnels, four strong arms, antennae 3, no
stealth
a: Dig, Shaft Self, Renounce Religion


You were on level 7 of the Dungeon.
You worshipped Ru.
Ru was noncommittal.
You were hungry.

You visited 2 branches of the dungeon, and saw 8 of its levels.

You collected 229 gold pieces.
You spent 70 gold pieces at shops.

Inventory:

Hand Weapons
 a - a +0 long sword (weapon)
Armour
 b - a +0 scale mail (worn)
 c - a +0 shield (worn)
Wands
 y - a wand of confusion (21/48)
 z - a wand of disintegration (6/24)
Scrolls
 h - 5 scrolls of amnesia {unknown}
 i - a scroll of teleportation {unknown}
 l - 6 scrolls of identify
 o - 2 scrolls of random uselessness {unknown}
 r - 2 scrolls of immolation {unknown}
 s - a scroll of enchant armour {unknown}
 t - a scroll of recharging {unknown}
 u - a scroll of blinking {unknown}
 v - 3 scrolls of enchant weapon {unknown}
 A - 3 scrolls of noise {unknown}
 B - a scroll of magic mapping {unknown}
Potions
 m - a potion of curing
 n - a potion of invisibility {unknown}
 x - a potion of cure mutation
Books
 C - the Collected Works on Translocation and Creation
   (You found it on level 6 of the Dungeon)

   Spells                             Type                      Level
   a - Summon Small Mammal            Summoning                    1
   b - Shroud of Golubria             Charms/Translocation         2
   c - Blink                          Translocation                2
   d - Teleport Other                 Translocation                3
   e - Summon Forest                  Summoning/Translocation      5
   f - Malign Gateway                 Summoning/Translocation      7
Comestibles
 f - 5 bread rations
 j - a royal jelly
 p - a beef jerky
 q - 5 meat rations
 w - 4 fruits


   Skills:
 + Level 8.2 Fighting
 * Level 10.2 Long Blades
 - Level 3.2 Armour
 - Level 3.6 Shields


You had 8 spell levels left.
You didn't know any spells.

Dungeon Overview and Level Annotations

Branches:
Dungeon (7/15)             Temple (1/1) D:5

Altars:
Ashenzari
Cheibriados
Dithmenos
Elyvilon
Fedhas
Gozag
Hepliaklqana
Kikubaaqudgha
Makhleb
Nemelex Xobeh
Okawaru
Qazlal
Ru
Sif Muna
Trog
Uskayaw
Vehumet
Xom
Yredelemnul
Zin
The Shining One

Shops:
D:5 *

Annotations:
D:4 PeterLawrence's ghost, amateur MiFi


Innate Abilities, Weirdness & Mutations

You are under a permanent stasis effect.
You can dig through walls and to a lower floor.
Your four strong arms can wield two-handed weapons with a shield.
You have a pair of large antennae on your head. (SInv)
You cannot be stealthy.


Message History

* * * LOW HITPOINT WARNING * * *
The vampire draws strength from your injuries!
It was a potion of brilliance.
You feel clever all of a sudden. The vampire barely misses you.
The vampire bites you but does no damage.
It was a potion of magic.
Magic courses through your body. The vampire hits you!
* * * LOW HITPOINT WARNING * * *
You block the vampire's attack.
It was a potion of flight.
You feel very buoyant.
You fly up into the air.
The vampire closely misses you.
You riposte.
You slash the vampire!
The vampire is heavily damaged.
The vampire barely misses you.
Unknown command.
It was a potion of cure mutation.
It has a very clean taste.
The vampire hits you.
You die...

##....# ##.............#..
......##########.................
........##........###............
..................##.............
##..........##....#..............
#...........##...................
#...###.....#.........##........#
...######)......V...#####......##
..##.....#...#..@.### ###.....##
.##.###.###..####...# #........#
.##.##.####..# ##..###........#
>####.## #..## ###..#........#
..##.## #.## #.............##
....## ###..# ##...##.#......#
.....# #...## ######.##.....#
...### ##### #####....# #..# ###
##....


You could see a vampire.

Vanquished Creatures
  Joseph (D:7)
  Duvessa (D:4)
  A sky beast (D:7)
  A phantom (D:4)
  An ice beast (D:7)
  A centaur (D:5)
  2 bullfrogs (D:7)
  Dowan (D:4)
  2 scorpions
  2 howler monkeys (D:7)
  A centaur zombie (D:5)
  5 crimson imps
  5 hounds
  6 orc wizards
  2 orc priests
  2 bullfrog skeletons
  6 iguanas
  A worker ant (D:5)
  3 hound skeletons
  2 howler monkey skeletons
  6 gnolls (D:5)
  8 adders
  A worm (D:5)
  3 dart slugs
  4 leopard geckos
  15 orcs
  4 giant cockroaches
  9 goblins
  6 hobgoblins
  15 jackals
  9 kobolds
  2 quokkas (D:7)
  2 ball pythons
  5 bats
  7 frilled lizards
  2 jackal zombies
  A leopard gecko skeleton (D:4)
  A leopard gecko zombie (D:5)
  12 rats
158 creatures vanquished.

Vanquished Creatures (others)
  5 toadstools (D:1)
5 creatures vanquished.

Grand Total: 163 creatures vanquished

Notes
Turn   | Place    | Note
-------+----------+-------------------------------------------
     0 | D:1      | kae the Formicid Fighter began the quest for the Orb.
     0 | D:1      | Reached XP level 1. HP: 18/18 MP: 1/1
   178 | D:1      | Reached XP level 2. HP: 16/24 MP: 2/2
   391 | D:1      | Reached skill level 3 in Long Blades
   538 | D:1      | Reached XP level 3. HP: 29/29 MP: 3/3
  1178 | D:2      | Reached XP level 4. HP: 37/37 MP: 4/4
  1644 | D:3      | Reached skill level 4 in Long Blades
  1650 | D:3      | Reached XP level 5. HP: 14/42 MP: 5/5
  2144 | D:4      | Noticed Dowan
  2144 | D:4      | Noticed Duvessa
  2149 | D:4      | Killed Duvessa
  2149 | D:4      | Reached skill level 5 in Long Blades
  2149 | D:4      | Reached XP level 6. HP: 46/50 MP: 6/6
  2152 | D:4      | Killed Dowan
  2152 | D:4      | Reached skill level 5 in Fighting
  2387 | D:4      | Noticed PeterLawrence's ghost (amateur MiFi)
  2811 | D:4      | Noticed a phantom
  2831 | D:4      | Killed a phantom
  2831 | D:4      | Reached skill level 6 in Long Blades
  2831 | D:4      | Reached XP level 7. HP: 52/56 MP: 7/7
  2972 | D:5      | Entered Level 5 of the Dungeon
  3554 | D:5      | Reached skill level 7 in Long Blades
  3563 | D:5      | Found Kiryrah's General Store.
  3571 | D:5      | Bought a potion of curing for 42 gold pieces
  3571 | D:5      | Bought a scroll of identify for 28 gold pieces
  3586 | D:5      | Reached XP level 8. HP: 43/64 MP: 8/8
  3882 | D:5      | Found a staircase to the Ecumenical Temple.
  4054 | Temple   | Entered the Ecumenical Temple
  4297 | Temple   | Became a worshipper of Ru the Awakened
  4624 | D:6      | Reached skill level 8 in Long Blades
  5086 | D:6      | Identified the Collected Works on Translocation and Creation
  5441 | D:7      | Reached skill level 9 in Long Blades
  5441 | D:7      | Reached XP level 9. HP: 49/72 MP: 9/9
  5596 | D:7      | Gained mutation: You cannot be stealthy. [Ru sacrifice]
  6051 | D:7      | Noticed Joseph
  6095 | D:7      | Killed Joseph
  6095 | D:7      | Reached skill level 10 in Long Blades
  7034 | D:7      | Slain by a vampire

Vault maps used:
D:1:      ldierk_walled_garden, minmay_misc_feat_nine_boxes,
          minmay_tree_intersection, minmay_misc_feat_rugged,
          minmay_misc_feat_columns
D:2:      first_bread, minmay_misc_feat_alley
D:4:      uniq_duvessa
D:5:      serial_shops, shop, water_maze_lemuel
D:7:      uniq_joseph
Temple:   nicolae_temple_the_god_donut

Skill      XL: |  1  2  3  4  5  6  7  8  9 |
---------------+----------------------------+-----
Long Blades    | 3 4 5 6 7 9 10 | 10.2
Fighting       | 4 5 6 7 8 |  8.2
Armour         | |  3.2
Shields        | |  3.6

Action                   |  1- 3 |  4- 6 |  7- 9 || total
-------------------------+-------+-------+-------++-------
Melee: Long sword        |    93 |   171 |   380 ||   644
Invok: Sacrifice Stealth |       |       |     1 ||     1
 Abil: Dig               |       |     1 |     9 ||    10
  Use: Potion            |       |     1 |    11 ||    12
 Stab: Distracted        |       |       |     1 ||     1
  Eat: Chunk             |     1 |     6 |    12 ||    19
       Royal jelly       |       |       |     1 ||     1
Armor: Scale mail        |    37 |    57 |    98 ||   192
Dodge: Dodged            |    23 |    37 |    83 ||   143
Block: Shield            |    24 |    73 |   154 ||   251
